AoeStats
← Morris=w=

African Clearing

510359187Analyzed
4v4 RM · 2d ago on Sep 30, 2026· 35m 55s· 8 players
Game mode
Random Map
Map size
Large (8 player)
Population
200
Speed
Normal
Resources
Standard
Victory
Conquest
Starting age
Dark Age
Ending age
Imperial Age
RankedLock teamsTeams togetherTeam positionsShared explorationLock speedFull tech treeHidden civsTurbo modeCheats
Victory
Defeat
🇹🇷 Burgundians · Türkiye
1757
+12
🇹🇷 Portuguese · Türkiye
1746
+12
🇹🇷 Vietnamese · Türkiye
1643
+17
🇹🇷 Georgians · Türkiye
1641
+17
🇮🇳 Huns · India
1753
-19
🇨🇳 Vikings · China
1650
-14
🇨🇦 Italians · Canada
1637
-13
🇭🇰 Gurjaras · Hong Kong SAR China
1602
-12
Morris=w=
11:16 Loom
14:32 Feudal Age
18:10 Castle Age
16:07 Fishing Lines
16:33 Double-Bit Axe
19:42 Horse Collar
20:17 Scale Barding Armor
27:31 Forging
28:40 Gold Mining
29:44 Town Watch
31:05 Bloodlines
31:56 Wheelbarrow
31:49 Bow Saw
33:16 Husbandry
33:42 Chain Barding Armor
35:13 Hand Cart
37:32 Imperial Age
35:58 Hand Cart
WonderHD11
8:13 Loom
14:16 Feudal Age
17:57 Castle Age
15:47 Double-Bit Axe
17:27 Fletching
19:11 Bow Saw
19:18 Bodkin Arrow
23:41 Ballistics
24:02 Padded Archer Armor
30:08 Wheelbarrow
31:25 Leather Archer Armor
37:33 Imperial Age
35:44 Gold Mining
Envetel
9:41 Loom
14:11 Feudal Age
14:13 Man-at-Arms
15:47 Fletching
15:57 Town Watch
22:05 Horse Collar
26:51 Castle Age
26:00 Padded Archer Armor
26:53 Crossbowman
27:29 Bodkin Arrow
27:48 Fishing Lines
28:39 Double-Bit Axe
28:58 Gillnets
29:57 Bow Saw
30:27 Ballistics
31:54 Leather Archer Armor
37:24 Imperial Age
Zni.Kark01
9:21 Loom
11:57 Feudal Age
12:02 Man-at-Arms
30:07 Double-Bit Axe
32:28 Town Watch
Edelreiss
11:57 Feudal Age
11:21 Loom
13:58 Double-Bit Axe
16:22 Castle Age
17:13 Bow Saw
19:15 Scale Barding Armor
21:20 Horse Collar
24:12 Wheelbarrow
28:19 Hand Cart
33:25 Imperial Age
33:14 Stone Mining
33:14 Gold Mining
33:43 Elite Organ Gun
35:38 Two-Man Saw
35:22 Siege Engineers
Patoshiq
7:43 Double-Bit Axe
10:29 Loom
13:28 Feudal Age
16:12 Bow Saw
18:10 Wheelbarrow
17:46 Fletching
19:30 Padded Archer Armor
23:11 Castle Age
22:33 Gold Mining
23:54 Bodkin Arrow
31:12 Horse Collar
FeelMySpike
7:48 Loom
11:04 Feudal Age
11:40 Double-Bit Axe
15:44 Scale Barding Armor
17:24 Forging
22:24 Castle Age
21:02 Bloodlines
21:41 Gold Mining
21:35 Horse Collar
22:25 Light Cavalry
23:30 Chain Barding Armor
28:14 Husbandry
33:57 Town Watch
34:50 Wheelbarrow
36:04 Heavy Plow
Sekov
7:16 Loom
12:00 Feudal Age
12:34 Double-Bit Axe
12:43 Gold Mining
17:20 Fletching
18:39 Horse Collar
24:35 Castle Age
22:56 Padded Archer Armor
24:40 Crossbowman
25:16 Bodkin Arrow
25:32 Bow Saw
25:23 Heavy Plow
28:18 Leather Archer Armor
31:18 Ballistics
33:22 Wheelbarrow
35:02 Guard Tower
35:32 Treadmill Crane
36:37 Hand Cart
Connection lost

Rejoining the realm…

Still unreachable

The connection could not be restored.

Session expired

The server has moved on; the page needs a fresh start.